 Dungeon Crawl Stone Soup version 0.13-a0-3076-g221303f (webtiles) character file.

2100 Malachi the Conjurer (level 9, -4/45 HPs)
             Began as a Gargoyle Conjurer on Sept 17, 2013.
             Was a Follower of Vehumet.
             Shot with an arrow by a centaur (15 damage)
             ... on Level 6 of the Dungeon.
             The game lasted 00:25:58 (7325 turns).

Malachi the Conjurer (Gargoyle Conjurer)            Turns: 7325, Time: 00:25:58

HP  -4/45        AC 15     Str 12      XL: 9   Next: 12%
MP  10/21        EV 13     Int 19      God: Vehumet [*.....]
Gold 257         SH  0     Dex 10      Spells:  4 memorised, 10 levels left

Res.Fire  : . . .   See Invis. : +   y - +0 sling (flame)
Res.Cold  : . . .   Warding    : .   a - +0 robe
Life Prot.: + . .   Conserve   : .   (no shield)
Res.Poison: +       Res.Corr.  : .   E - +0 helmet {SInv}
Res.Elec. : +       Clarity    : .   e - +2 elf cloak
Sust.Abil.: . .     Spirit.Shd : .   (no gloves)
Res.Mut.  : .       Stasis     : .   l - +1 pair of orc boots
Res.Rott. : +       Flight     : .   (no amulet)
Saprovore : . . .                    (no ring)
                                     o - +2 ring of protection

@: slightly resistant to hostile enchantments, stealthy
A: fangs 1, talons 2, life protection 1, electricity resistance, slow metabolism
1, unbreathing, petrification resistance, AC +5
a: Renounce Religion


You were on level 6 of the Dungeon.
You worshipped Vehumet.
Vehumet was pleased with you.
You were hungry.

You visited 1 branch of the dungeon, and saw 6 of its levels.

You collected 237 gold pieces.

Inventory:

Hand weapons
 d - a +1 blowgun
 y - a +0,+0 sling of flame (weapon)
 A - a +0,+0 lajatang
Missiles
 j - 60 poisoned needles
 x - 37 stones (quivered)
 z - 10 sling bullets
Armour
 a - a +0 robe (worn)
 e - a +2 elven cloak (worn)
 l - a +1 pair of orcish boots (worn)
 E - a +0 helmet of see invisible (worn)
Magical devices
 h - a wand of flame (9)
 F - a wand of polymorph (0)
Comestibles
 b - 8 bread rations
 t - a meat ration
 I - 3 rotting chunks of orc flesh
Scrolls
 f - a scroll of teleportation
 i - 2 scrolls of curse jewellery {unknown}
 m - 2 scrolls of blinking
 p - a scroll of enchant armour {unknown}
 s - a scroll of enchant weapon II {unknown}
 v - a scroll of recharging {unknown}
 w - a scroll of remove curse
 B - a scroll of enchant weapon I {unknown}
 D - a scroll of noise {unknown}
 J - a scroll of curse weapon {unknown}
Jewellery
 o - a +2 ring of protection (left hand)
Potions
 g - 2 potions of restore abilities
 k - a potion of mutation {unknown}
 n - 5 potions of curing
 q - 2 potions of agility
 r - 2 potions of speed
 u - a potion of magic {unknown}
 C - a potion of heal wounds {unknown}
 G - a potion of brilliance {unknown}
 H - a potion of cure mutation {unknown}
 K - a potion of berserk rage {unknown}
Books
 c - a book of Conjurations

   Spells                             Type                      Level
   *Magic Dart                        Conjuration                  1
   *Searing Ray                       Conjuration                  2
   *Dazzling Spray                    Conjuration/Hexes            3
   *Iskenderun's Mystic Blast         Conjuration                  4
   Iskenderun's Battlesphere          Conjuration/Charms           4
   Fulminant Prism                    Conjuration/Hexes            5


   Skills:
 + Level 0.4 Fighting
 - Level 3.0 Slings
 + Level 4.8 Dodging
 + Level 3.1 Stealth
 + Level 0.4 Unarmed Combat
 * Level 6.0 Spellcasting
 * Level 8.2 Conjurations
 + Level 0.2 Evocations


You had 10 spell levels left.
You knew the following spells:

 Your Spells              Type           Power        Failure   Level  Hunger
a - Magic Dart            Conj           ####         1%          1    None
b - Searing Ray           Conj           #####.       1%          2    None
c - Iskenderun's Mystic   Conj           #####...     4%          4    ####...
d - Dazzling Spray        Conj/Hex       ###.....     8%          3    ##.....


Dungeon Overview and Level Annotations

Branches:
Dungeon (6/27)
 Temple: D:4-7          Orc: D:6-11

Altars:
Ashenzari
Okawaru
Vehumet


Innate Abilities, Weirdness & Mutations

You are resistant to torment.
You are immune to poison.
Your stone body is very resilient (AC +5).
You have very sharp teeth.
You have razor-sharp toenails.
You resist negative energy.
You are resistant to electric shocks.
You have a slow metabolism.
You can survive without breathing.
You are immune to petrification.


Message History

You're too confused to cast spells.
There isn't anything here!
The centaur shoots an arrow.
The arrow hits you!
* * * LOW HITPOINT WARNING * * *
The centaur shoots an arrow.
The arrow hits you!
* * * LOW HITPOINT WARNING * * *
You see here 2 arrows.
You're too confused to cast spells.
There isn't anything to butcher here.
You're too confused to cast spells.
There isn't anything to butcher here.
The centaur shoots an arrow.
The arrow misses you.
The centaur shoots an arrow.
The arrow hits you!
* * * LOW HITPOINT WARNING * * *
The centaur shoots an arrow.
The arrow hits you!
* * * LOW HITPOINT WARNING * * *
You see here an arrow.
You feel less confused.
The centaur shoots an arrow.
The arrow hits you!
You die...

#.###.# # #.#<#.#
#.#.#.#.# #.#.#...# #
#...####### #
#...#.....#.#.#
####.###.###.#...#
................#.#
.....>.....@......#.
.....................
...........((...###..
...........(...###..
###.......(..?......
##...........###.#
#.....oo....#
#...c.oo....#
#...........#


You could see a centaur, an orc wizard and 3 orcs.

Vanquished Creatures
  The ghost of bronies4ever the Conjurer, an experienced DjWz of Makhleb (D:5)
  Grinder (D:4)
  A hippogriff (D:6)
  3 phantoms
  An ogre (D:3)
  A centaur (D:5)
  A sky beast (D:5)
  Blork the orc (D:3)
  A crimson imp (D:6)
  An orc priest (D:4)
  A scorpion (D:3)
  A hound (D:6)
  A giant frog skeleton (D:5)
  5 orc wizards
  5 worker ants
  An ogre zombie (D:5)
  Jessica (D:2)
  2 adders
  2 giant mites (D:3)
  An adder skeleton (D:5)
  4 giant geckos
  15 orcs
  2 giant cockroaches
  17 goblins
  9 hobgoblins
  4 jackals (D:1)
  2 oozes (D:2)
  2 ball pythons
  11 bats
  3 giant newts
  A goblin zombie (D:5)
  8 kobolds
  An orc skeleton (D:4)
  4 rats
  2 plants (D:3)
117 creatures vanquished.

Notes
Turn   | Place    | Note
--------------------------------------------------------------
     0 | D:1      | Malachi, the Gargoyle Conjurer, began the quest for the Orb.
     0 | D:1      | Reached XP level 1. HP: 10/10 MP: 3/3
     3 | D:1      | Noticed a shark
     3 | D:1      | Noticed a giant goldfish
   291 | D:1      | Reached XP level 2. HP: 13/15 MP: 4/4
   709 | D:1      | Reached skill level 5 in Conjurations
   790 | D:1      | Reached XP level 3. HP: 19/19 MP: 1/5
  1200 | D:2      | Found an iron altar of Okawaru.
  1509 | D:2      | Noticed Jessica
  1512 | D:2      | Killed Jessica
  1645 | D:2      | Reached XP level 4. HP: 24/24 MP: 3/7
  2431 | D:3      | Reached XP level 5. HP: 23/28 MP: 1/9
  2797 | D:3      | Found a radiant altar of Vehumet.
  2802 | D:3      | Noticed an ogre
  2862 | D:2      | Learned a level 2 spell: Searing Ray
  2894 | D:3      | Killed an ogre
  2894 | D:3      | Reached XP level 6. HP: 9/32 MP: 1/12
  3093 | D:3      | Found a shattered altar of Ashenzari.
  3097 | D:3      | Became a worshipper of Vehumet
  4173 | D:3      | Reached skill level 6 in Conjurations
  4774 | D:4      | Reached skill level 1 in Slings
  5168 | D:4      | Reached XP level 7. HP: 19/36 MP: 10/15
  5399 | D:4      | Noticed Grinder
  5403 | D:4      | Noticed Blork the orc
  5435 | D:4      | Paralysed by Grinder for 6 turns
  5513 | D:3      | Killed Blork the orc
  5768 | D:4      | Killed Grinder
  5897 | D:4      | Reached XP level 8. HP: 39/41 MP: 12/18
  6101 | D:5      | Entered Level 5 of the Dungeon
  6114 | D:4      | Reached skill level 7 in Conjurations
  6217 | D:5      | Acquired Vehumet's first power
  6217 | D:5      | Offered knowledge of Sandblast by Vehumet.
  6358 | D:5      | Noticed bronies4ever's ghost (experienced DjWz)
  6580 | D:5      | Learned a level 4 spell: Iskenderun's Mystic Blast
  6584 | D:5      | Learned a level 3 spell: Dazzling Spray
  6806 | D:5      | Reached skill level 5 in Spellcasting
  7122 | D:5      | Killed bronies4ever's ghost
  7122 | D:5      | Reached skill level 8 in Conjurations
  7122 | D:5      | Reached XP level 9. HP: 39/45 MP: 11/21
  7325 | D:6      | Shot with an arrow by a centaur

Action                   |  1- 3 |  4- 6 |  7- 9 || total
-------------------------+-------+-------+-------++-------
Melee: Unarmed           |    78 |   448 |       ||   526
 Fire: Sling             |       |    81 |    34 ||   115
 Cast: Magic Dart        |    53 |    85 |    29 ||   167
       Searing Ray       |       |    12 |    35 ||    47
       Iskenderun's Myst |       |       |     3 ||     3
Evoke: Wand              |       |     1 |     1 ||     2
  Use: Scroll            |     3 |     1 |     8 ||    12
       Potion            |       |     1 |       ||     1
